 Dungeon Crawl Stone Soup version 0.23.2-1-ga50397a6bc (webtiles) character file.

Game seed: 6941133998495140350

1440 drh69 the Geomancer (level 8, 0/43 HPs)
             Began as a Gargoyle Earth Elementalist on May 25, 2019.
             Slain by an orc warrior
             ... wielding a +0 mace
              (2 damage)
             ... on level 5 of the Dungeon.
             The game lasted 00:35:04 (4668 turns).

drh69 the Geomancer (Gargoyle Earth Elementalist)   Turns: 4668, Time: 00:35:04

Health: 0/43       AC: 10    Str: 13    XL:     8   Next: 74%
Magic:  14/17      EV: 12    Int: 17    God:
Gold:   181        SH:  0    Dex: 10    Spells: 18/19 levels left

rFire    . . .     SeeInvis .   q - +3 spear (venom)
rCold    . . .     Gourm    .   (no shield)
rNeg     + . .     Faith    .   h - +0 leather armour
rPois    ∞         Spirit   .   (no helmet)
rElec    +         Reflect  .   (no cloak)
rCorr    .         Harm     .   o - +0 pair of gloves
MR       .....                  (no boots)
Stlth    ++........             (no amulet)
HPRegen  0.14/turn              (no ring)
MPRegen  0.15/turn              (no ring)

@: about to teleport, slowed, very slow
A: negative energy resistance 1, electricity resistance, unbreathing,
petrification resistance, rot immunity, AC +5
a: no special abilities


You were on level 5 of the Dungeon.
You were full.

You visited 1 branch of the dungeon, and saw 6 of its levels.

You collected 263 gold pieces.
You spent 82 gold pieces at shops.

Inventory:

Hand Weapons
 q - a +3 spear of venom (weapon)
Missiles
 a - 5 tomahawks
 b - 195 stones (quivered)
Armour
 c - a +0 robe
 h - a +0 leather armour (worn)
 o - a +0 pair of gloves (worn)
Jewellery
 k - an uncursed ring of fire {unknown}
 u - an uncursed ring of resist corrosion {unknown}
Wands
 p - a wand of flame (22)
Scrolls
 e - 3 scrolls of enchant armour
 g - a scroll of teleportation
 m - a scroll of enchant weapon
 t - a scroll of magic mapping
 w - a scroll of fog {unknown}
Potions
 f - a potion of heal wounds {unknown}
 i - 5 potions of brilliance {unknown}
 j - 3 potions of lignification {unknown}
 l - 2 potions of haste {unknown}
 n - a potion of might {unknown}
 r - a potion of ambrosia {unknown}
 s - a potion of berserk rage {unknown}
 v - a potion of curing {unknown}
 x - a potion of flight {unknown}
Comestibles
 d - 3 rations


   Skills:
 + Level 1.0 Fighting
 + Level 2.2 Polearms
 + Level 3.1 Armour
 + Level 2.3 Dodging
 + Level 3.2 Stealth
 + Level 6.3 Spellcasting
   Level 0.7 Transmutations
 + Level 8.2 Earth Magic


You had 18 spell levels left.
You knew the following spells:

 Your Spells              Type           Power        Failure   Level  Hunger
a - Sandblast             Erth           ####..       1%          1    None

Your spell library contained the following spells:

 Spells                   Type           Power        Failure   Level  Hunger
 Passwall                 Tmut/Erth      ###.....     3%          2    None
 Stone Arrow              Conj/Erth      ###...       9%          3    ##.....
 Lee's Rapid Deconstruct  Erth           ####......   14%         5    #####..
 Animate Skeleton         Necr           N/A          16%         1    None
 Apportation              Tloc           #.....       16%         1    None
 Confusing Touch          Hex            #.....       16%         1    None
 Summon Small Mammal      Summ           #...         16%         1    None
 Petrify                  Tmut/Erth      ###.....     26%         4    ####...


Dungeon Overview and Level Annotations

Branches:
Dungeon (6/15)
 Temple: D:4-7

Altars:
Gozag

Shops:
D:4 ?

Annotations:
D:5 1 runed translucent door, Dommiel19's ghost, novice MiCK


Innate Abilities, Weirdness & Mutations

You are resistant to torment.
Your stone body is resilient. (AC +5)
You are immune to poison.
You resist negative energy. (rN+)
You are resistant to electric shocks. (rElec)
You can survive without breathing.
You are immune to petrification.
You are immune to rotting.


Message History

Press: ? - help, Shift-Dir - straight line, f - orc warrior
Aim: an orc warrior, wielding a +0 mace and wearing a +0 plate armour (heavily wounded)
The blast of sand hits the orc warrior but does no damage.
The orc warrior is heavily wounded.
b - 196 stones The orc warrior closely misses you.
Casting: Sandblast (safe; 1% risk of failure)
Confirm with . or Enter, or press ? or * to list all spells.
Aiming: Sandblast (safe; 1% risk of failure)
Press: ? - help, Shift-Dir - straight line, f/p - orc warrior
Aim: an orc warrior, wielding a +0 mace and wearing a +0 plate armour (heavily wounded)
The blast of sand hits the orc warrior but does no damage.
The orc warrior is heavily wounded.
b - 195 stones The orc warrior hits you with a +0 mace!
* * * LOW HITPOINT WARNING * * *
As you read the scroll of teleportation, it crumbles to dust.
You feel strangely unstable.
The orc warrior hits you with a +0 mace.
You die...

..#.....#......#...##..#........#
..#.....#......#...##'##........#
###.....#......#...#............#
#......#......#+###....#########
#......#.>.............#......#
#......#...............#......#
#......#...............#......#
#......#........o.....)#......#
#......#.......@...#'###..##..#
#......#...........#......##..#
#......#......##'###.......#..#
#......#......#...'........#..#
#......#......#...#........#..#
#......#......#...###'##...#..#
#......#......#...##..##...#..#
#......#......#...##......##..#
#......#......'.......######..#


You could see an orc warrior.

Vanquished Creatures
  Prince Ribbit (D:6)
  A hippogriff (D:6)
  Menkaure (D:6)
  An ice beast (D:5)
  2 ogres (D:5)
  2 phantoms
  A crimson imp (D:5)
  3 hounds
  2 orc wizards (D:4)
  2 orc priests
  Jessica (D:3)
  4 worker ants
  A gnoll (D:3)
  4 adders
  A river rat (D:5)
  A shadow imp (D:5)
  An ooze (D:2)
  5 dart slugs
  5 leopard geckos
  9 orcs
  9 giant cockroaches
  2 goblins (D:2)
  5 hobgoblins
  15 jackals
  A ball python (D:5)
  2 bats
  5 frilled lizards
  A jackal zombie (D:5)
  6 kobolds
  A quokka skeleton (D:5)
  3 rats
98 creatures vanquished.

Notes
Turn   | Place    | Note
-------+----------+-------------------------------------------
     0 | D:1      | drh69 the Gargoyle Earth Elementalist began the quest for
                  | the Orb.
     0 | D:1      | Reached XP level 1. HP: 10/10 MP: 3/3
   286 | D:1      | Reached skill level 4 in Earth Magic
   286 | D:1      | Reached XP level 2. HP: 11/15 MP: 5/5
   696 | D:1      | Reached XP level 3. HP: 16/19 MP: 3/6
  1299 | D:3      | Reached XP level 4. HP: 18/24 MP: 6/8
  1658 | D:3      | Noticed Jessica
  1663 | D:3      | Killed Jessica
  1663 | D:3      | Reached skill level 5 in Earth Magic
  1663 | D:3      | Reached XP level 5. HP: 28/28 MP: 6/9
  1755 | D:3      | Reached skill level 1 in Polearms
  1916 | D:4      | Found Otoaffacw's Magic Scroll Shop.
  1923 | D:4      | Bought a scroll of enchant armour for 82 gold pieces
  1931 | D:4      | Reached XP level 6. HP: 32/32 MP: 8/11
  2143 | D:4      | Noticed a phantom
  2170 | D:4      | Killed a phantom
  2170 | D:4      | Reached skill level 1 in Armour
  2293 | D:5      | Entered Level 5 of the Dungeon
  2317 | D:5      | Reached skill level 6 in Earth Magic
  2317 | D:5      | Reached XP level 7. HP: 37/37 MP: 8/13
  2463 | D:5      | Found a runed translucent door.
  2529 | D:5      | Reached skill level 5 in Spellcasting
  2791 | D:5      | Noticed Dommiel19's ghost (novice MiCK)
  2808 | D:5      | Found a runed translucent door.
  2864 | D:5      | Found an opulent altar of Gozag.
  4306 | D:6      | Noticed a hippogriff
  4323 | D:5      | Reached XP level 8. HP: 32/42 MP: 4/15
  4442 | D:6      | Noticed Prince Ribbit
  4460 | D:6      | Killed Prince Ribbit
  4460 | D:6      | Reached skill level 7 in Earth Magic
  4466 | D:6      | Noticed Menkaure
  4473 | D:6      | Killed Menkaure
  4531 | D:6      | Killed a hippogriff
  4531 | D:6      | Reached skill level 1 in Fighting
  4531 | D:6      | Reached skill level 8 in Earth Magic
  4667 | D:5      | HP: 2/43 [orc warrior/+0 mace (14)]
  4668 | D:5      | Slain by an orc warrior

Skill      XL: |  1  2  3  4  5  6  7  8 |
---------------+-------------------------+-----
Earth Magic    | 4 5 6 8 |  8.2
Spellcasting   | 3 4 5 6 |  6.3
Dodging        | 2 |  2.3
Polearms       | 1 2 |  2.2
Stealth        | 3 |  3.2
Armour         | 1 2 3 |  3.1
Fighting       | 1 |  1.0
Transmutations | |  0.7

Action                   |  1- 3 |  4- 6 |  7- 9 || total
-------------------------+-------+-------+-------++-------
Melee: Spear             |    58 |    43 |    22 ||   123
 Cast: Sandblast         |    37 |    37 |    81 ||   155
  Use: Scroll            |     8 |       |     3 ||    11
  Eat: Ration            |     2 |       |     3 ||     5
Armor: Robe              |    28 |     2 |       ||    30
       Leather armour    |       |    18 |    38 ||    56
Dodge: Dodged            |    45 |    28 |    56 ||   129
